[Event "TUR-ch U13-18 Open 2023"]
[Site "Antalya"]
[Date "2023.01.24"]
[Round "5"]
[White "Tarhan, Adar"]
[Black "Eroz, Enis"]
[Result "1/2-1/2"]
[ECO "C06"]
[WhiteElo "2321"]
[BlackElo "1827"]
[Annotator "TA"]
[PlyCount "319"]
[EventDate "2023.01.17"]
[EventType "swiss"]
[EventCountry "TUR"]
[SourceTitle "playchess.com"]
[Source "ChessBase"]
[SourceQuality "1"]
[TimeControl "5400+30"]

1. e4 e6 2. d4 d5 3. Nd2 Nf6 4. e5 Nfd7 5. Bd3 c5 6. c3 Nc6 7. Ne2 cxd4 8. cxd4 f6 9. exf6 Nxf6 10. Nf3 Bd6 11. O-O O-O 12. Bf4 Bxf4 13. Nxf4 Ne4 14. Qc1 Qf6 15. Nh5 Qf5 16. Bxe4 Qxh5 17. Bd3 e5 18. Nxe5 Nxd4 19. Qe3 Nc6 20. Nxc6 bxc6 21. Qc5 Bd7 22. Rae1 Rfe8 23. Ba6 Qg6 24. Rxe8+ Rxe8 25. Rc1 Qg5 26. Bf1 Qd2 27. b4 Qxa2 28. Qc3 Rf8 29. f3 Bf5 30. Qd4 Rf7 31. Rxc6 h6 32. Rc5 Qb1 33. Rxd5 Bg6 34. Ra5 Qe1 35. Ra1 Bb1 36. Qb2 Qe3+ 37. Kh1 Bf5 38. Bc4 Be6 39. Qa2 Re7 40. h3 Bxc4 41. Qxc4+ Kh8 42. Rd1 Re8 43. Qf7 Qe7 44. Qc4 Qe2 45. Qd4 Qe3 46. Qd7 Qe7 47. Qb5 Rd8 48. Rxd8+ Qxd8 49. Qc5 Qd7 50. Kh2 Qf7 51. Qe5 Qf8 52. b5 Qd8 53. Kg3 Qa5 54. f4 Qa2 55. Qc5 Qe2 56. Qd5 Qe1+ 57. Kf3 Qg1 58. Kg4 Qe3 59. Qe5 Qd2 60. Qe8+ Kh7 61. Qe4+ Kh8 62. Kh5 Qd7 63. Qe5 Qf7+ 64. Kh4 Qd7 65. g4 ({White should try} 65. Qe2 $16) 65... Qf7 $2 (65... Qd3 $11 {and Black is okay.}) 66. f5 $18 Qf8 {[%emt 2:01:08] [#]} (66... Kh7 $142 67. Qe4 Qf6+ 68. Kg3 Qc3+ 69. Kh2 Qd2+ 70. Kg1 Kg8) 67. Qc7 $2 (67. Qe6 $1 $18 {And now Kh5 would win.} Qc5 68. Qe8+ Kh7 69. Qg6+ Kh8 70. f6 Qf2+ 71. Kh5 gxf6 72. Qe8+ (72. Kxh6 Qe3+ 73. g5 Qxh3+ 74. Qh5 Qxh5+ 75. Kxh5 fxg5 $11) 72... Kg7 73. Qd7+ Kf8 74. Kg6 (74. Kxh6 Qh4+ 75. Kg6 Qg5+ 76. Kh7 Qh4+ 77. Kg6 Qg5+ 78. Kh7 Qh4+ 79. Kg6 $11) 74... Qc2+ 75. Kxf6 Qf2+ 76. Kg6 Qb6+ 77. Kh7) 67... Qf6+ $11 68. Kg3 Qd4 69. Qe7 Qd3+ 70. Kh4 Qxb5 71. Qxa7 Qe5 72. Qf7 Qe3 73. Qe6 Qg5+ 74. Kg3 Qd2 75. Qe7 Kh7 76. Kh4 (76. f6 $5 Qc3+ $8 77. Kh4 Qxf6+ 78. Qxf6 gxf6 79. Kg3 $11) 76... Qc3 77. Qe6 Qf3 78. Qg6+ Kh8 79. Qd6 Qe3 80. Qe6 Qc3 81. Qe4 Qf6+ 82. Kg3 Qc3+ 83. Kg2 Qb2+ 84. Kg1 Qc3 85. Kg2 Qb2+ 86. Kg3 Qc3+ 87. Qf3 Qe5+ 88. Kf2 Qb2+ 89. Qe2 Qc3 90. Qe3 Qb2+ 91. Kf3 Qh2 92. Ke4 Qd6 93. Qd3 Qe7+ 94. Kf4 Qg5+ 95. Kg3 Qc1 96. Qd4 Qe1+ 97. Qf2 Qe5+ 98. Kg2 Qd5+ 99. Qf3 Qd2+ 100. Kf1 Qc1+ 101. Kf2 Qd2+ 102. Qe2 Qf4+ 103. Kg2 Qd4 104. h4 Qd5+ 105. Qf3 Qd2+ 106. Kh3 Qd8 107. Qe3 Qf6 108. Qf3 Qd8 109. Qe4 Qf6 110. Qe3 Qf8 111. Qf2 Qe7 112. Qf4 Qa3+ 113. Kg2 Qb2+ 114. Qf2 Qb4 115. Qf3 Qd2+ 116. Qf2 Qd5+ 117. Kg3 Qd6+ 118. Kh3 Qd3+ 119. Qg3 Qf1+ 120. Kh2 Qe2+ 121. Kg1 Qd1+ 122. Kf2 Qd2+ 123. Kf3 Qd3+ 124. Kg2 Qe2+ 125. Kh3 Qf1+ 126. Qg2 Qd3+ 127. Kh2 Qd6+ 128. Qg3 Qd1 129. Qb8+ Kh7 130. Qf4 Qe2+ 131. Kg3 Qe1+ 132. Qf2 Qc3+ 133. Qf3 Qe5+ 134. Kh3 Qe7 {[%emt 0:00:00] [#]} (134... Qa1 $11) 135. g5 (135. Qd3 $1 $14 Kg8 (135... Qe5 136. Kg2) 136. Qc4+ Kf8 137. Qf4) 135... hxg5 $11 136. Qh5+ Kg8 137. Qxg5 Qe2 138. Qf4 Qd1 139. Qc4+ Kh8 140. Qe4 Qg1 141. h5 Qf1+ 142. Kg3 Qg1+ 143. Kh3 (143. Kf3 $5 Qh1+ 144. Kf4 Qh4+ 145. Ke3 Qe1+ 146. Kd4 Qb4+ 147. Kd5 Qb7+ 148. Ke5 Qe7+ 149. Kf4 Qh4+ 150. Ke3 Qe1+ 151. Kd4 Qb4+ 152. Kd5 Qb7+ 153. Ke5 Qe7+ 154. Kf4 Qh4+ $11) 143... Qf1+ 144. Kg4 Qg1+ 145. Kf4 Qh2+ 146. Kg5 Qg3+ 147. Qg4 Qe3+ 148. Qf4 Qg1+ 149. Kh4 Qe1+ 150. Qg3 Qe4+ 151. Qg4 Qe1+ 152. Kh3 Qe3+ 153. Qg3 Qe4 154. Qf2 Qh1+ 155. Kg4 Qd1+ 156. Kh4 Qd8+ 157. Kg4 Qd1+ 158. Qf3 Qg1+ 159. Kh3 Qg5 160. Qg4 1/2-1/2

[Event "TUR-ch U13-18 Open 2023"]
[Site "Antalya"]
[Date "2023.01.24"]
[Round "5"]
[White "Ince, Taylan Ruzgar"]
[Black "Taspinar, Yanki"]
[Result "1/2-1/2"]
[ECO "A07"]
[WhiteElo "2267"]
[BlackElo "2275"]
[Annotator "TA"]
[PlyCount "29"]
[EventDate "2023.01.17"]
[EventType "swiss"]
[EventCountry "TUR"]
[SourceTitle "playchess.com"]
[Source "ChessBase"]
[SourceQuality "1"]
[TimeControl "5400+30"]

1. Nf3 d5 2. g3 Nf6 3. Bg2 Bg4 4. O-O Nbd7 5. d3 e5 {[%emt 0:00:30] The position is equal.} 6. Nc3 {[%emt 0:05:30] A07: Réti Opening: New York and Capablanca Systems.} c6 7. h3 Bxf3 8. Bxf3 Bc5 9. e4 dxe4 10. Nxe4 Nxe4 11. dxe4 h6 12. c3 {[%emt 0:00:30] [#]} O-O $146 ({Predecessor:} 12... a5 13. Qb3 Qc7 14. Rd1 Nf6 15. Bd2 O-O 16. Be1 a4 17. Qc4 Qe7 18. b4 axb3 19. axb3 {½-½ Nechepurenko,R (2439)-Zhou,J (2525) Moscow Aeroflot op-B 2006 (1)}) 13. Qe2 a5 14. Rd1 {[%emt 0:00:30] [#] Threatens to win with Bg4.} Qe7 15. Be3 {[%emt 0:17:30] A rather calm draw.   Weighted Error Value: White=0.05 (flawless) /Black=0.04 (flawless)} 1/2-1/2

[Event "TUR-ch U13-18 Open 2023"]
[Site "Antalya"]
[Date "2023.01.24"]
[Round "5"]
[White "Gokcek, Kursat Bugra"]
[Black "Ozen, Metehan"]
[Result "1/2-1/2"]
[ECO "C50"]
[WhiteElo "2116"]
[BlackElo "2137"]
[Annotator "TA"]
[PlyCount "41"]
[EventDate "2023.01.17"]
[EventType "swiss"]
[EventCountry "TUR"]
[SourceTitle "playchess.com"]
[Source "ChessBase"]
[SourceQuality "1"]
[TimeControl "5400+30"]

1. e4 e5 2. Nf3 Nc6 3. Bc4 Nf6 4. d3 Bc5 5. O-O a6 6. a4 {[%emt 0:00:30] C50: Hungarian Defence and Giuoco Pianissimo.} d6 7. c3 Ba7 8. Bg5 {[%emt 0:01:30] The position is equal.} h6 9. Bh4 g5 10. Bg3 Qe7 11. Nbd2 Nh7 12. b4 Nf8 $1 13. Kh1 Ng6 (13... h5 $5 14. h4 g4 $11) 14. Ng1 h5 {[%emt 0:02:30][%cal Bh6h5,Bh5h4][%mdl 32] [#] ...h4 would be deadly.} 15. f3 h4 16. Bf2 Bxf2 17. Rxf2 Nf4 {[%emt 0:04:30] [#]} 18. Ne2 $146 ({Predecessor:} 18. Nf1 Qf6 19. Ne3 Ne7 20. d4 Nh5 21. Ne2 Ng3+ 22. Kg1 Nxe2+ 23. Bxe2 Ng6 24. Nd5 {½-½ Demchenko,A (2599)-Anton Guijarro,D (2673) FIDE World Cup Europe Hybrid Qual 2021 (3.5)}) 18... Be6 19. Nf1 Qf6 20. Ne3 Ne7 21. Kg1 {[%emt 0:10:30] A rather calm draw.   Weighted Error Value: White=0.08 (flawless) /Black=0.07 (flawless)} 1/2-1/2

[Event "TUR-ch U13-18 Open 2023"]
[Site "Antalya"]
[Date "2023.01.24"]
[Round "5"]
[White "Danaci, Ege"]
[Black "Kocer, Ahmet Doruk"]
[Result "1-0"]
[ECO "B28"]
[WhiteElo "2088"]
[BlackElo "1663"]
[Annotator "TA"]
[PlyCount "40"]
[EventDate "2023.01.17"]
[EventType "swiss"]
[EventCountry "TUR"]
[SourceTitle "playchess.com"]
[Source "ChessBase"]
[SourceQuality "1"]
[TimeControl "5400+30"]

1. e4 c5 2. Nf3 a6 3. c3 Nf6 4. e5 Nd5 5. c4 Nb4 6. d4 {[%emt 0:04:30] B28: Sicilian: 2 Nf3 a6 (O'Kelly Variation).} cxd4 {[%emt 0:00:30] [#]} 7. Bf4 $146 (7. Nxd4 $11 d6 8. Qa4+ N8c6 9. Nxc6 Nxc6 10. exd6) ({Predecessor:} 7. Nxd4 Qa5 8. Nc3 Qxe5+ 9. Be2 Qxd4 10. Qb3 e6 11. Be3 Qe5 12. Na4 N8c6 13. a3 b5 {0-1 Kucza,K (2032)-Sergeev,V (2421) Guben op 17th 2014 (3)}) 7... g6 (7... Qa5 $15 8. Bd2 N8c6) 8. Nxd4 $11 {[%emt 0:06:30] The position is equal.} (8. Qxd4 $2 {perishes.} Nc2+ 9. Ke2 Nxd4+ $19) 8... Bg7 9. Nc3 N4c6 (9... d6 $1 $15) 10. Nf3 $14 Qa5 (10... d6 $14) 11. Qd5 (11. Qa4 $142) 11... Qc7 ({Black should try} 11... Qb4) 12. Qe4 {[%emt 0:02:30] White is much more active.} (12. h4 $142) 12... e6 13. Be2 b6 14. O-O Bb7 15. Qe3 {[%emt 0:00:30] Ne4 would be deadly.} g5 $2 {[%emt 0:01:40] Loses the game.} 16. Bg3 {[%emt 0:00:30] Hoping for Ne4.} ({Not} 16. Bxg5 Nxe5 17. Rad1 Bxf3 $16) 16... h6 {[%emt 0:00:17] [#]} 17. Ne4 $1 Nxe5 $2 (17... Ne7 18. Nd6+ Kf8) 18. Nxe5 $18 {[%emt 0:00:30] White is clearly winning.} Bxe5 19. Nf6+ {[%emt 0:00:30][%mdl 64] Pin} Ke7 20. Bxe5 d6 {[%emt 0:00:07] Weighted Error Value: White=0.23 (precise) /Black=0.53} 1-0

[Event "TUR-ch U13-18 Open 2023"]
[Site "Antalya"]
[Date "2023.01.24"]
[Round "5"]
[White "Topuz, Mirac Melih"]
[Black "Turk, Talha Gunes"]
[Result "1-0"]
[ECO "A08"]
[WhiteElo "2071"]
[BlackElo "1657"]
[Annotator "TA"]
[PlyCount "67"]
[EventDate "2023.01.17"]
[EventType "swiss"]
[EventCountry "TUR"]
[SourceTitle "playchess.com"]
[Source "ChessBase"]
[SourceQuality "1"]
[TimeControl "5400+30"]

1. Nf3 d5 2. d3 Nf6 3. g3 e6 4. Bg2 Bd6 5. Nbd2 c5 6. O-O O-O 7. e4 Nc6 8. Re1 Nd7 {[%emt 0:00:30] A08: King's Indian Attack.} 9. Nf1 (9. a3 $14) 9... f5 (9... d4 $1 $11) 10. exd5 exd5 {[%emt 0:00:30] [#] White is better.} 11. Ne3 $146 ({Predecessor:} 11. d4 Nf6 12. Bg5 Qb6 13. Bxf6 Rxf6 14. dxc5 Qxc5 15. c3 Be6 16. Ng5 Bf7 17. Nxf7 Kxf7 18. Qxd5+ Kg6 19. Ne3 Re8 20. Qxc5 Bxc5 21. Nd5 Rfe6 22. Nf4+ Kf7 23. Rxe6 {1-0 Dragojlovic,A (2400)-Ferrante,F (1490) Nicolo La Rosa op 16th 2008 (6)}) 11... Nf6 {[%emt 0:00:30] [#]} 12. Nd2 (12. c4 $1 $16) 12... Be6 (12... Bc7 $5 ) 13. f4 Qd7 14. Nf3 Rfe8 15. b3 (15. Ng5 $5 ) 15... b5 (15... d4 $142 16. Nc4 Bd5) 16. Ng5 $11 Rac8 (16... d4 {seems wilder.} 17. Nxe6 dxe3 18. Rxe3 Ng4) 17. Nxe6 Qxe6 (17... Rxe6 $14 18. Nxd5 (18. Bxd5 Nxd5 19. Nxd5 Rxe1+ 20. Qxe1 Re8 $11) 18... Be5 19. fxe5 (19. Rxe5 Nxe5 20. c4 Nc6 $15) 19... Nxd5) 18. Bb2 (18. Bd2 $16) 18... d4 $14 {[%emt 0:00:00] [#]} 19. Nd5 Qxe1+ 20. Qxe1 Rxe1+ 21. Rxe1 {[%emt 0:00:30] Hoping for Nxf6+.} Kf7 {[%emt 0:00:30] [#]} (21... Ne8 $1 $14) 22. Nxf6 $1 $16 Kxf6 23. Bd5 {[%emt 0:00:30] Black must now prevent Re6+.} Nd8 {[%emt 0:00:30] Inhibits Re6+.} 24. c3 {[%emt 0:00:30] And now Re8 would win. White is more active.} g5 $2 {[%emt 0:00:30][%mdl 8192] This costs Black the game.} (24... Rc7 $16 {is more resistant.}) 25. cxd4 $18 cxd4 26. Bxd4+ Kg6 27. Re8 {[%emt 0:04:30] White threatens Rg8+ and mate.} gxf4 28. Rg8+ Kh6 29. Bg7+ {[%emt 0:01:30] This pair of bishops is nice.} ({Weaker is} 29. Bxa7 Rc1+ 30. Kg2 Nc6 $16) 29... Kh5 30. Bf6 {[%emt 0:00:30] White wants to mate with Bf3+.} Rc1+ 31. Kg2 {[%emt 0:00:00] White mates.} Ne6 32. Bxe6 f3+ 33. Kxf3 Rc7 34. g4+ {[%emt 0:00:30] Weighted Error Value: White=0.17 (very precise) /Black=0.85} 1-0

[Event "TUR-ch U13-18 Open 2023"]
[Site "Antalya"]
[Date "2023.01.24"]
[Round "5"]
[White "Caliskan, Seha"]
[Black "Temizer, Umut"]
[Result "1/2-1/2"]
[ECO "D36"]
[WhiteElo "1954"]
[BlackElo "1989"]
[Annotator "TA"]
[PlyCount "42"]
[EventDate "2023.01.17"]
[EventType "swiss"]
[EventCountry "TUR"]
[SourceTitle "playchess.com"]
[Source "ChessBase"]
[SourceQuality "1"]
[TimeControl "5400+30"]

1. d4 d5 2. c4 e6 3. Nc3 Nf6 4. cxd5 exd5 5. Bg5 Be7 6. e3 c6 7. Bd3 Nbd7 8. Nge2 Nh5 9. Bxe7 Qxe7 10. Qc2 Nb6 11. O-O ({Much worse is} 11. Bxh7 g6 12. Bxg6 fxg6 13. Qxg6+ Kd8 $17) 11... g6 {D36: Queen's Gambit Declined: Exchange Variation: Main line (5 Bg5 c6 6 Qc2).} 12. b3 {[#]} O-O $146 ({Predecessor:} 12... Ng7 13. Rfc1 Bf5 14. Nf4 O-O 15. Nce2 Nc8 16. Ng3 Bxd3 17. Nxd3 Ne6 18. Nc5 Nd6 19. Re1 Rfe8 20. Rac1 Kg7 21. Qb2 f6 {½-½ Holub,A (1817)-Missethan,M (1991) St Veit op 41st 2022 (9)}) 13. Qd2 Re8 {The position is equal.} 14. Rae1 Ng7 15. Nc1 Bf5 16. Bxf5 Nxf5 17. Nd3 Qg5 18. Nf4 Rad8 19. Nce2 Nc8 20. Nh3 Qf6 21. f3 $2 {[#]} (21. Nhf4 $11 {and White stays safe.}) 21... h5 $2 {Weighted Error Value: White=0.32/Black=0.00 (flawless)} ({Not} 21... Rxe3 22. g4 Rxe2 23. Qxe2 Nxd4 24. Qe3 $15) ({Better is} 21... Nxe3 $19 22. Rf2 Nf5) 1/2-1/2

[Event "TUR-ch U13-18 Open 2023"]
[Site "Antalya"]
[Date "2023.01.24"]
[Round "5"]
[White "Durucay, Uygar"]
[Black "Kara, Goktan Can"]
[Result "1-0"]
[ECO "D10"]
[WhiteElo "1926"]
[BlackElo "1755"]
[Annotator "TA"]
[PlyCount "41"]
[EventDate "2023.01.17"]
[EventType "swiss"]
[EventCountry "TUR"]
[SourceTitle "playchess.com"]
[Source "ChessBase"]
[SourceQuality "1"]
[TimeControl "5400+30"]

1. d4 d5 2. c4 c6 3. cxd5 cxd5 4. Bf4 Nf6 5. e3 a6 6. Bd3 e6 7. Nc3 Bd6 8. Bxd6 Qxd6 9. f4 Nc6 10. Nf3 b5 11. O-O Bb7 12. Ne5 O-O 13. Rf3 {[%emt 0:00:30] D10: Slav Defence: 3 cxd5 (without early Nf3) and 3 Nc3.} Nb4 14. Bb1 Ne4 (14... Nc6 $14) 15. a3 $16 {[%emt 0:00:30] Rh3 is the strong threat. White is better.} (15. Rh3 {seems wilder.} g6 16. Qg4 Qe7 17. a3) 15... Nxc3 $2 {[%emt 0:00:30][%mdl 8192] [#]} (15... Nc6 $16) 16. bxc3 $146 (16. Bxh7+ $142 Kh8 17. bxc3) ({Predecessor:} 16. Bxh7+ Kh8 17. bxc3 g6 18. Bxg6 fxg6 19. cxb4 Rf6 20. Rg3 Rg8 21. Qg4 Bc6 22. Rh3+ Kg7 23. Qh4 Rff8 24. Qh7+ Kf6 25. Ng4+ Kf5 26. Nh6+ {1-0 Pinto,C (2072)-Araujo,H (2172) Joao Pessoa Fischer Memorial 7th 2016 (5)}) 16... Nc6 {[%emt 0:00:00] [#]} (16... f6 $18 17. Rh3 (17. axb4 fxe5 18. fxe5 Qe7 $16) 17... h6 18. axb4 fxe5 19. fxe5 (19. dxe5 Qc6 $18) 19... Qc7) 17. Bxh7+ $1 {[%emt 0:00:00][%mdl 576] Decoy. White mates.} Kh8 18. Rh3 g6 19. Bxg6+ Kg7 {[%emt 0:00:30] [#]} 20. Qg4 $1 Qxe5 (20... Rg8 21. Bxf7+) 21. Bf5+ {[%emt 0:00:00] White took control after the opening.   Weighted Error Value: White=0.73/Black=0.76} 1-0

[Event "TUR-ch U13-18 Open 2023"]
[Site "Antalya"]
[Date "2023.01.24"]
[Round "5"]
[White "Anacak, Hasan Gunes"]
[Black "Yildirim, Kemal"]
[Result "1-0"]
[ECO "C11"]
[WhiteElo "1898"]
[BlackElo "1804"]
[Annotator "NA RC COMBH"]
[PlyCount "77"]
[EventDate "2023.01.17"]
[EventType "swiss"]
[EventCountry "TUR"]
[SourceTitle "playchess.com"]
[Source "ChessBase"]
[SourceQuality "1"]
[TimeControl "5400+30"]

1. e4 e6 2. d4 d5 3. Nc3 Nf6 4. e5 Nfd7 5. f4 c5 6. Nf3 Nc6 7. Be3 cxd4 8. Nxd4 Qb6 9. Qd2 Qxb2 10. Rb1 Qa3 11. Bb5 Nxd4 12. Bxd4 a6 13. Bxd7+ Bxd7 14. Rb3 Qe7 15. Rxb7 Qd8 16. Bb6 Qc8 17. Rc7 Qd8 18. Qd4 Ba3 19. Nb1 {[%emt 0:03:30] 19.0-0 is the recent fashion.} Be7 20. Rb7 Qc8 21. Rc7 Qd8 {[%emt 0:01:30] [#]} 22. Rf1 $146 ({Predecessor:} 22. c4 O-O 23. cxd5 exd5 24. Nc3 Rc8 25. Rxc8 Qxc8 26. O-O Qc6 27. Nxd5 Ba3 28. Rf3 Qc1+ 29. Rf1 Qc6 30. Rf3 Qc1+ 31. Rf1 Qc6 {½-½ So,W (2778)-Grischuk,A (2742) Chess.com Rapid Wk10 Swiss 2022 (6)}) 22... O-O 23. c4 Qe8 $11 ({Better is} 23... Rc8 $1 $15 24. Rxc8 Qxc8) 24. cxd5 exd5 25. Nc3 Bb5 26. Rf3 Bc4 27. Kf2 Rb8 28. Bc5 Bxc5 29. Rxc5 Rb2+ 30. Kg1 Qb8 31. h3 Bxa2 32. Rg3 Rb4 33. Qf2 Rb2 34. Qd4 Rb4 35. Qf2 Rb2 36. Qe3 Rd8 37. f5 Qb6 38. Na4 Rb1+ 39. Kh2 1-0

[Event "TUR-ch U13-18 Open 2023"]
[Site "Antalya"]
[Date "2023.01.24"]
[Round "5"]
[White "Celik, Ege Yigit"]
[Black "Dirikolu, Deniz"]
[Result "1/2-1/2"]
[ECO "A21"]
[WhiteElo "1891"]
[BlackElo "1868"]
[Annotator "NA RC COMBH"]
[PlyCount "64"]
[EventDate "2023.01.17"]
[EventType "swiss"]
[EventCountry "TUR"]
[SourceTitle "playchess.com"]
[Source "ChessBase"]
[SourceQuality "1"]
[TimeControl "5400+30"]

1. c4 e5 2. Nc3 Bb4 3. Nd5 a5 4. a3 Bc5 5. b4 axb4 6. Bb2 Nc6 7. axb4 Rxa1 8. Qxa1 Nxb4 9. Nxb4 Bxb4 10. Bxe5 f6 11. Bc3 Bxc3 12. Qxc3 Ne7 13. Nf3 d5 14. e3 Be6 15. c5 O-O 16. Be2 Qd7 17. O-O Bg4 18. Nd4 Bxe2 19. Nxe2 Ra8 20. Rb1 Qa4 21. h3 b5 22. cxb6 cxb6 23. Nd4 Rc8 24. Qb2 Rb8 25. Rc1 Qd7 26. Rc3 h6 27. Qb4 Kh7 28. Nb5 Rc8 29. Rxc8 Nxc8 30. Nc3 Qc6 31. f4 f5 $16 ({Black should try} 31... Kg8 $14) 32. Qf8 Nd6 1/2-1/2

[Event "TUR-ch U13-18 Open 2023"]
[Site "Antalya"]
[Date "2023.01.24"]
[Round "5"]
[White "Ergin, Sahin"]
[Black "Ilarslan, Can"]
[Result "1-0"]
[ECO "D18"]
[WhiteElo "1878"]
[BlackElo "1618"]
[Annotator "NA RC COMBH"]
[PlyCount "105"]
[EventDate "2023.01.17"]
[EventType "swiss"]
[EventCountry "TUR"]
[SourceTitle "playchess.com"]
[Source "ChessBase"]
[SourceQuality "1"]
[TimeControl "5400+30"]

1. d4 d5 2. Nf3 Nf6 3. c4 c6 4. Nc3 dxc4 5. a4 Bf5 6. e3 e6 7. Bxc4 Bb4 8. O-O O-O {[%emt 0:02:00] 8...0-0 is better than 8...Nbd7.} 9. Bd3 Bg6 10. Ne5 Nbd7 11. Nxg6 hxg6 12. Qb3 {[%emt 0:00:30] [#]} Bxc3 $146 ({Predecessor:} 12... Qb6 13. Rd1 Rfe8 14. Bd2 a5 15. Be1 Rad8 16. Bc4 Qc7 17. h3 Nb6 18. Be2 e5 19. dxe5 Qxe5 {½-½ Trkulja,G (2312)-Stojanovic,D (2464) BIH-chT 8th Banja Vrucica 2009 (9)}) 13. bxc3 Nc5 14. Qc2 Nxd3 15. Qxd3 Qc7 16. e4 Rfd8 17. f3 c5 18. Be3 Rac8 19. Rfc1 Qa5 20. Qb5 Qxb5 21. axb5 cxd4 22. Bxd4 $14 b6 23. Bxf6 gxf6 24. Rxa7 Rc5 25. c4 Rdc8 26. Rb7 Rxb5 27. cxb5 Rxc1+ 28. Kf2 Rb1 29. Rxb6 Kg7 30. Rb8 Rb2+ 31. Kg3 Rb1 32. b6 Rb4 33. b7 Rb2 34. h4 Kh7 35. Kf4 Rb3 36. g4 Kg7 37. h5 g5+ 38. Kg3 Rb2 39. h6+ Kh7 40. Kh3 Rb3 41. Kg2 Rb6 42. Kf2 Rb3 43. Ke2 Rb5 44. Kd3 Rb1 45. Kd4 Rb5 46. Kc4 Rb1 47. Kc5 Rc1+ 48. Kd6 Rb1 49. Ke7 Rb3 50. Kxf7 e5 51. Kxf6 Rxf3+ 52. Kxe5 Rb3 53. Kd4 1-0

[Event "TUR-ch U13-18 Open 2023"]
[Site "Antalya"]
[Date "2023.01.24"]
[Round "5"]
[White "Ozgun, Yigit Deniz"]
[Black "Pirpir, Ozgur Can"]
[Result "1/2-1/2"]
[ECO "C90"]
[WhiteElo "1769"]
[BlackElo "1340"]
[Annotator "NA RC COMBH"]
[PlyCount "96"]
[EventDate "2023.01.17"]
[EventType "swiss"]
[EventCountry "TUR"]
[SourceTitle "playchess.com"]
[Source "ChessBase"]
[SourceQuality "1"]
[TimeControl "5400+30"]

1. e4 e5 2. Nf3 Nc6 3. Bb5 a6 4. Ba4 Nf6 5. O-O b5 6. Bb3 Be7 7. Re1 d6 8. c3 Na5 9. Bc2 c5 10. d3 O-O 11. Nbd2 Re8 12. Nf1 Bf8 13. Ng3 g6 14. h3 Bg7 15. Be3 Qc7 16. Qd2 d5 17. Qe2 dxe4 18. dxe4 Be6 19. b3 h6 20. Red1 Rad8 21. Nd2 Nd7 22. Ndf1 f6 23. Nd2 Rf8 24. Nf3 f5 25. Bc1 f4 26. Nf1 g5 27. b4 cxb4 28. cxb4 Nc4 29. Bb3 Rfe8 30. Bb2 Ndb6 31. Rdc1 Qf7 32. Bc3 Bf6 33. Rd1 h5 34. Rxd8 Rxd8 35. Rd1 Rxd1 36. Qxd1 g4 37. hxg4 hxg4 38. Nxe5 Nxe5 39. Bxe5 Bxb3 40. axb3 Bxe5 41. Qd8+ Kh7 42. Qxb6 g3 43. Qd8 Qa7 44. Qh4+ Kg8 45. Qg5+ Kf8 46. Qf5+ Kg8 47. Qe6+ Kh7 48. Qf5+ Kg8 1/2-1/2

[Event "TUR-ch U13-18 Open 2023"]
[Site "Antalya"]
[Date "2023.01.24"]
[Round "5"]
[White "Uysal, Ugur"]
[Black "Yildirim, Ibrahim Halil"]
[Result "1/2-1/2"]
[ECO "D19"]
[WhiteElo "1760"]
[BlackElo "2124"]
[Annotator "TA"]
[PlyCount "45"]
[EventDate "2023.01.17"]
[EventType "swiss"]
[EventCountry "TUR"]
[SourceTitle "playchess.com"]
[Source "ChessBase"]
[SourceQuality "1"]
[TimeControl "5400+30"]

1. Nf3 d5 2. d4 Nf6 3. c4 c6 4. Nc3 dxc4 5. a4 Bf5 6. e3 e6 7. Bxc4 Bb4 8. O-O O-O 9. Qe2 Bg6 10. Ne5 Nbd7 11. Nxg6 hxg6 12. Rd1 Qe7 {[%emt 0:01:00] 12...Qc7 is the modern continuation.} 13. e4 {[%emt 0:00:00] D19: Slav Defence: 5 a4 Bf5 6 e3: Main line with 9 Qe2.} e5 14. d5 Nb6 15. Bb3 {[%emt 0:00:30] White is slightly better.} cxd5 16. a5 d4 17. axb6 {[%emt 0:00:30] [#] aiming for Nd5.} dxc3 18. bxc3 ({Reject} 18. Rxa7 cxb2 19. Bxb2 Bc5 $11) 18... Bc5 19. bxa7 Rxa7 {[%emt 0:05:30] [#]} 20. Bg5 $146 ({Predecessor:} 20. Rxa7 Bxa7 21. h3 Bc5 22. Bg5 b6 23. g3 Rd8 24. Ra1 Qb7 25. Bxf6 gxf6 26. Bd5 {½-½ Peralta,F (2565)-Andriasian,Z (2615) La Roda op 44th 2017 (5)}) 20... Rxa1 21. Rxa1 Qc7 22. Bxf6 gxf6 {[%emt 0:00:30] Black is weak on the light squares} 23. Bd5 {[%emt 0:01:30] Weighted Error Value: White=0.03 (flawless) /Black=0.05 (flawless)} 1/2-1/2

[Event "TUR-ch U13-18 Open 2023"]
[Site "Antalya"]
[Date "2023.01.24"]
[Round "5"]
[White "Sevig, Mert Can"]
[Black "Kolat, Ata"]
[Result "1-0"]
[ECO "B23"]
[WhiteElo "1738"]
[BlackElo "1732"]
[Annotator "NA RC COMBH"]
[PlyCount "101"]
[EventDate "2023.01.17"]
[EventType "swiss"]
[EventCountry "TUR"]
[SourceTitle "playchess.com"]
[Source "ChessBase"]
[SourceQuality "1"]
[TimeControl "5400+30"]

1. e4 c5 2. Nc3 Nc6 3. f4 d6 4. Bb5 Bd7 5. Bxc6 Bxc6 6. Nf3 g6 7. O-O Bg7 8. d3 Nf6 9. Qe1 Qd7 10. e5 dxe5 11. fxe5 Nd5 12. Ne4 b6 13. Nfg5 O-O 14. Nxh7 Qg4 15. Nxf8 Rxf8 16. Qg3 Qxg3 17. Nxg3 Nb4 18. Rf2 Bxe5 19. a3 Nd5 20. c3 Rd8 21. Bg5 f6 22. Bd2 Nc7 23. Bf4 Bxf4 24. Rxf4 Rxd3 25. Re1 Nd5 26. Rf3 Rxf3 27. gxf3 Kf7 28. Kf2 e5 29. c4 Nf4 30. Rb1 Ne6 31. Ne4 Ke7 32. Rg1 f5 33. Nc3 Nf4 34. Ke3 Kf6 35. h4 Kf7 36. b4 Ne6 37. Nd5 Nd4 38. bxc5 bxc5 39. Rb1 Nc2+ 40. Kd3 Nd4 41. Rb8 Nxf3 42. Rc8 e4+ 43. Kc3 Nd4 44. Rc7+ Ke6 45. Nf4+ Kf6 46. Rxa7 g5 47. h5 gxf4 48. h6 f3 49. h7 f2 50. h8=Q+ Ke6 51. Qh6+ 1-0

[Event "TUR-ch U13-18 Open 2023"]
[Site "Antalya"]
[Date "2023.01.24"]
[Round "5"]
[White "Ersoz, Teoman Guney"]
[Black "Torun, Kagan"]
[Result "1/2-1/2"]
[ECO "B38"]
[WhiteElo "1691"]
[BlackElo "1442"]
[Annotator "NA RC COMBH"]
[PlyCount "55"]
[EventDate "2023.01.17"]
[EventType "swiss"]
[EventCountry "TUR"]
[SourceTitle "playchess.com"]
[Source "ChessBase"]
[SourceQuality "1"]
[TimeControl "5400+30"]

1. e4 c5 2. Nf3 g6 3. d4 cxd4 4. Nxd4 Bg7 5. c4 Nc6 6. Be3 Nf6 7. Nc3 d6 8. Be2 O-O 9. O-O Bd7 10. h3 Nxd4 11. Bxd4 Qa5 12. c5 e5 13. Be3 dxc5 14. Bc4 Bc6 15. Qf3 Kh8 16. Rfd1 b5 17. Bxc5 bxc4 18. Bxf8 Rxf8 19. Rd6 Qb6 20. Rxf6 Bxf6 21. Qxf6+ Kg8 22. Rb1 Re8 23. Qd6 Re6 24. Qd2 Qd4 25. Qe2 Qc5 26. Rd1 Kg7 27. Nd5 Rd6 28. Rc1 1/2-1/2